 Dungeon Crawl Stone Soup version 0.28.0 (webtiles) character file.

Game seed: 5303176424259059769

66291 Colgate the Wrestler (level 14, -10/104 (120) HPs)
             Began as a Troll Gladiator on Feb 12, 2022.
             Was the Champion of Ru.
             Mangled by an orc warrior (24 damage)
             ... led by an orc warlord
             ... on level 1 of the Orcish Mines.
             The game lasted 02:16:49 (25230 turns).

Colgate the Wrestler (Troll Gladiator)             Turns: 25230, Time: 02:16:49

HP:   -10/104 (120) AC: 12    Str: 25    XL:     14   Next: 78%
MP:   8/13          EV:  9    Int:  4    God:    Ru [******]
Gold: 917           SH:  5    Dex: 17    Spells: 13/13 levels left

rFire   . . .      SeeInvis .     - Unarmed
rCold   . . .      Faith    .   (no shield)
rNeg    . . .      Spirit   .   K - +1 troll leather armour
rPois   +          Reflect  +   b - +2 hat
rElec   .          Harm     .   l - +2 cloak {rPois}
rCorr   .          Rampage  .   (gloves unavailable)
Will    +++..                   (boots unavailable)
Stlth   ++........              N - amulet "Biar" {Reflect Dex+2 SH+5}
HPRegen 1.87/turn               i - ring of willpower
MPRegen 0.13/turn               E - ring of willpower

@: exhausted, unable to drink, heavily drained
A: large, unfitting armour, claws 3, regeneration 1, shaggy fur 1, tough skin 1,
inability to drink while threatened, inability to use devices, hated by all,
inability to train dodging, no earth magic, no necromancy magic, no
transmutations magic
a: Renounce Religion, Draw Out Power, Power Leap, Apocalypse


You were on level 1 of the Orcish Mines.
You worshipped Ru.
Ru was exalted by your worship.
You visited 4 branches of the dungeon, and saw 20 of its levels.
You also visited: Ossuary and Volcano.

You collected 1460 gold pieces.
You spent 543 gold pieces at shops.

Inventory:

Hand Weapons
 g - the +9 spear "Eklun" {freeze, rElec rC+ Will+ Dex+5}
   (You found it on level 4 of the Dungeon)

   It freezes those it strikes, dealing additional cold damage.
   It can also slow down cold-blooded creatures.
   Dex:       It affects your dexterity (+5).
   rC:        It protects you from cold.
   rElec:     It insulates you from electricity.
   Will:      It increases your willpower.
 u - the +10 hand crossbow "Muceim" {vorpal, rElec rCorr Dex-5}
   (You found it on level 6 of the Lair of Beasts)

   Any ammunition fired from it inflicts extra damage upon your enemies.
   Dex:       It affects your dexterity (-5).
   rElec:     It insulates you from electricity.
   rCorr:     It protects you from acid and corrosion.
 Q - the +9 falchion "Didwif" {holy, rC+ rCorr Dex+2}
   (You found it on level 4 of the Lair of Beasts)

   It has been blessed by the Shining One to cause great damage to the undead
   and demons.
   Dex:       It affects your dexterity (+2).
   rC:        It protects you from cold.
   rCorr:     It protects you from acid and corrosion.
Missiles
 c - 4 throwing nets
 h - 10 boomerangs
 j - 453 stones
 B - 4 curare-tipped darts
 H - 16 poisoned darts
 L - 5 javelins
 M - 2 large rocks (quivered)
 Y - 3 atropa-tipped darts
 Z - 2 boomerangs of dispersal
Armour
 b - a +2 hat (worn)
 l - a +2 cloak of poison resistance (worn)
 p - a +0 scale mail
 I - a +2 robe of cold resistance
 K - a +1 troll leather armour (worn)
 S - +0 acid dragon scales
 X - +0 fire dragon scales
Jewellery
 i - a ring of willpower (left claw)
 E - a ring of willpower (right claw)
 N - the amulet "Biar" (around neck) {Reflect Dex+2 SH+5}
   (You bought it in a shop on level 8 of the Dungeon)

   [amulet of reflection]

   It reflects blocked missile attacks.
   Dex:       It affects your dexterity (+2).
   SH:        It affects your SH (+5).
Scrolls
 k - 9 scrolls of teleportation
 n - 2 scrolls of blinking
 o - a scroll of magic mapping
 s - 3 scrolls of fog
 t - a scroll of summoning {unknown}
 v - 5 scrolls of amnesia
 x - 3 scrolls of immolation
 y - a scroll of noise {unknown}
 C - 5 scrolls of enchant weapon
 O - 2 scrolls of silence {unknown}
 R - a scroll of brand weapon {unknown}
 V - 2 scrolls of fear {unknown}
Potions
 a - 4 potions of lignification
 d - 3 potions of magic
 e - a potion of brilliance
 f - 3 potions of resistance
 m - 4 potions of attraction
 q - 4 potions of might
 r - 2 potions of invisibility
 z - 5 potions of haste
 A - 5 potions of heal wounds
 D - 4 potions of degeneration
 F - 4 potions of mutation
 J - 6 potions of curing
 P - 2 potions of cancellation
 T - a potion of berserk rage
Miscellaneous
 U - a condenser vane
 W - a phantom mirror


   Skills:
 - Level 3.1 Fighting
 - Level 4.3 Throwing
 - Level 3.0 Armour
 - Level 2.0 Stealth
 + Level 24.2 Unarmed Combat


You had 13 spell levels left.
You didn't know any spells.
Your spell library contained the following spells:

 Spells                   Type           Power      Damage    Failure   Level
 Foxfire                  Conj/Fire      0%         2x1d4     54%         1
 Ensorcelled Hibernation  Hex/Ice        0%         N/A       67%         2
 Poisonous Vapours        Pois/Air       0%         N/A       67%         2
 Static Discharge         Conj/Air       0%         N/A       67%         2
 Conjure Flame            Conj/Fire      0%         6-21      88%         3
 Frozen Ramparts          Ice            0%         1d2       88%         3
 Gell's Gravitas          Tloc           0%         N/A       88%         3
 Inner Flame              Hex/Fire       0%         N/A       88%         3
 Lesser Beckoning         Tloc           0%         N/A       88%         3
 Mephitic Cloud           Conj/Pois/Air  0%         N/A       88%         3
 Teleport Other           Tloc           0%         N/A       88%         3
 Cause Fear               Hex            0%         N/A       99%         4
 Flame Wave               Conj/Fire      0%         2d4       99%         4
 Hailstorm                Conj/Ice       0%         3d3       99%         4
 Freezing Cloud           Conj/Ice/Air   0%         6-21      100%        5
 Enfeeble                 Hex            0%         N/A       100%        7
 Discord                  Hex            0%         N/A       100%        8
 Beastly Appendage        Tmut           Unusable   N/A       N/A         1
 Sting                    Tmut/Pois      Unusable   1d3       N/A         1
 Corpse Rot               Necr/Air       Unusable   N/A       N/A         2
 Sublimation of Blood     Necr           Unusable   N/A       N/A         2
 Wereblood                Tmut           Unusable   N/A       N/A         2
 Ignite Poison            Fire/Tmut/Pois Unusable   N/A       N/A         3
 Spider Form              Tmut/Pois      Unusable   N/A       N/A         3
 Tukima's Dance           Hex            Unusable   N/A       N/A         3
 Anguish                  Hex/Necr       Unusable   N/A       N/A         4
 Ice Form                 Ice/Tmut       Unusable   N/A       N/A         4
 Summon Ice Beast         Ice/Summ       Unusable   N/A       N/A         4
 Blade Hands              Tmut           Unusable   N/A       N/A         5
 Simulacrum               Ice/Necr       Unusable   N/A       N/A         6
 Statue Form              Tmut/Erth      Unusable   N/A       N/A         6
 Malign Gateway           Summ/Tloc      Unusable   N/A       N/A         7
 Storm Form               Tmut/Air       Unusable   N/A       N/A         7
 Summon Hydra             Summ           Unusable   N/A       N/A         7
 Summon Horrible Things   Summ           Unusable   N/A       N/A         8

Dungeon Overview and Level Annotations

Branches:
Dungeon (12/15)            Temple (1/1) D:4            Lair (6/6) D:10
 Shoals (0/4) Lair:2       Spider (0/4) Lair:2        Slime (0/5) Lair:5
    Orc (1/2) D:12        Ossuary (visited)         Volcano (visited)

Altars:
Ashenzari
Cheibriados
Dithmenos
Elyvilon
Fedhas
Gozag
Hepliaklqana
Kikubaaqudgha
Makhleb
Nemelex Xobeh
Okawaru
Qazlal
Ru
Sif Muna
Trog
Uskayaw
Vehumet
Wu Jian
Xom
Yredelemnul
Zin
The Shining One
Jiyva

Shops:
D:7 :   D:8 ===

Portals:
Ice
Cave: Orc:1

Annotations:
Lair:5 3 runed translucent doors, kalagan's ghost, journeyman DECj


Innate Abilities, Weirdness & Mutations

You are too large for most types of armour.
You have claws for hands.
Your natural rate of healing is unusually fast.
You are covered in fur. (AC +1)
You have tough skin. (AC +1)
You sometimes lose the ability to drink potions when taking damage.
You cannot study or use magical devices.
You are hated by all.
You cannot train Dodging skill.
You cannot study or cast Earth magic.
You cannot study or cast Necromancy magic.
You cannot study or cast Transmutations magic.


Message History

You start resting.
You feel less exhausted.
You start resting.
Magic restored.
You start waiting.
Done waiting.
You climb downwards.
Welcome back to the Orcish Mines!
You feel a wave of frost pass over you.
There is an entrance to an ice cave on this level.
Hurry and find it before the portal melts!
You hear the faint crackling of a melting archway very nearby.
The orc warlord hits you from afar with a +0 bardiche!!
There is a staircase back to the Dungeon, spattered with blood here.
Aiming: Power Leap
Press: ? - help, Dir - move target You kill the orc! x2; You kill the orc warrior!
The orc warlord hits you with a +0 bardiche!!
You feel threatened and lose the ability to drink potions!
The orc sorcerer begins to cast a spell, but is stunned by your conviction!
The orc wizard begins to cast a spell, but is stunned by your conviction!
You scratch the orc warlord but do no damage.
The orc warlord is moderately wounded.
You redirect the orc warlord's attack!
The orc warlord hits itself with a +0 bardiche!
You redirect the orc wizard's attack!
The orc wizard points at the orc warlord and mumbles some strange words.
You scratch the orc warlord but do no damage.
You claw the orc warlord, but do no damage.
The orc warlord is heavily wounded.
You mangle the orc warlord!!
You claw the orc warlord, but do no damage.
The orc warlord is severely wounded.
The orc warlord hits you with a +0 bardiche!!
* * * LOW HITPOINT WARNING * * *
The orc warrior hits you from afar with a +0 trident.
* * * LOW HITPOINT WARNING * * *
The orc sorcerer casts a spell.
The orc warlord roars a battlecry!
The orcs go into a battle-frenzy!
The orc warrior hits you from afar with a +0 trident!!
You die...

..#o.. ..(...#
...[... ####
......o##..#####
....oo3#......>#
[.[...o#.......#
#..#oo[......###
#...))o.<.....#
.∩.#....@...#.$..#
# #......#### ..$.
#........# ..
...#......#
.....$....#
.........$.
#....#.#....
....####.....


You could see an orc warlord, a sun demon (summoned), an orc sorcerer (strong),
an orc warrior (strong), an orc priest (strong), 2 orc wizards and an orc
(strong).

Vanquished Creatures
  A dire elephant (Lair:6)
  The ghost of Zaegoraum the Carver, a journeyman DsAK of Lugonu (Lair:4)
  A catoblepas (Lair:6)
  9 hydras
  A centaur warrior (D:12)
  5 boulder beetles
  6 two-headed ogres
  A deep troll shaman (Lair:6)
  A hell hog (Volcano)
  4 death yaks (Lair:6)
  Sonja (D:11)
  Urug (D:11)
  Nergalle (D:11)
  A lindwurm (Lair:1)
  4 ugly things
  A deep elf pyromancer (D:12)
  A salamander (Volcano)
  A cyclops (D:12)
  Joseph (D:8)
  7 black mambas
  21 elephants
  11 cane toads
  Maggie (Lair:2)
  14 komodo dragons
  An unseen horror (D:11)
  2 rime drakes (Lair:6)
  A demonic crawler (Lair:5)
  Psyche (D:11)
  3 kobold demonologists
  3 polar bears (Lair:6)
  3 trolls
  2 hornets
  Prince Ribbit (Lair:3)
  29 blink frogs
  A slime creature (Lair:5)
  5 jumping spiders (Lair:1)
  A shadow (D:10)
  Sigmund (D:4)
  A spriggan (Lair:1)
  2 vampires (D:11)
  4 wyverns
  A basilisk (Lair:4)
  A wraith (D:11)
  Eustachio (D:6)
  The ghost of Tzialkovskiy the Shield-Bearer, an amateur FoFi (D:3)
  38 yaks
  A steam dragon (D:8)
  2 vampire mosquitoes (D:10)
  Menkaure (D:5)
  Edmund (D:6)
  5 water moccasins
  2 swamp worms (Lair:6)
  3 hell hounds (Volcano)
  8 orc warriors
  3 sky beasts
  A necrophage (D:7)
  20 wolves
  4 ogres
  20 centaurs
  A phantom (D:6)
  2 elf zombies (Ossuary)
  2 kobold brigands
  13 bullfrogs
  3 scorpions
  A water moccasin zombie (D:5)
  A water moccasin skeleton (D:4)
  20 killer bees
  An electric eel (Lair:2)
  2 howler monkeys
  A bullfrog zombie (D:5)
  7 orc priests
  3 lava snakes (Lair:1)
  5 centaur zombies
  2 hounds (D:4)
  Crazy Yiuf (D:4)
  5 jellies
  2 gnoll shamans
  A centaur skeleton (D:7)
  A human zombie (Ossuary)
  5 iguanas
  13 orc wizards
  A hound skeleton (D:4)
  2 mummies (Ossuary)
  A howler monkey zombie (D:8)
  8 gnolls
  9 adders
  A shadow imp (D:7)
  An ufetubus (D:6)
  2 adder zombies (Ossuary)
  2 adder skeletons (D:4)
  11 worms
  4 dart slugs
  46 orcs
  5 bats
  13 endoplasms
  6 giant cockroaches
  6 goblins
  7 hobgoblins
  10 kobolds
  9 quokkas
  9 ball pythons
  6 frilled lizards
  A goblin zombie (Ossuary)
  13 hobgoblin zombies (Ossuary)
  A jackal zombie (Ossuary)
  6 kobold zombies (Ossuary)
  8 orc zombies (Ossuary)
  6 rats
  A rat zombie (Ossuary)
557 creatures vanquished.

Vanquished Creatures (others)
  A yak (Lair:5)
  A swamp worm (Lair:6)
  43 fungi
  87 plants
132 creatures vanquished.

Grand Total: 689 creatures vanquished

Notes
Turn   | Place    | Note
-------+----------+-------------------------------------------
     0 | D:1      | Colgate the Troll Gladiator began the quest for the Orb.
     0 | D:1      | Reached XP level 1. HP: 19/19 MP: 0/0
   244 | D:1      | Reached XP level 2. HP: 27/27 MP: 1/1
   350 | D:1      | Reached skill level 4 in Unarmed Combat
   510 | D:1      | Found a faded altar of an unknown god.
   787 | D:1      | Reached XP level 3. HP: 33/33 MP: 2/2
  1206 | D:2      | You fall into a shaft and drop 2 floors!
  1235 | D:4      | Reached skill level 5 in Unarmed Combat
  1235 | D:4      | Reached XP level 4. HP: 15/41 MP: 3/3
  1307 | D:4      | Reached XP level 5. HP: 48/48 MP: 4/4
  1316 | D:4      | Found a sacrificial altar of Ru.
  1350 | D:4      | Found a staircase to the Ecumenical Temple.
  1361 | Temple   | Entered the Ecumenical Temple
  1650 | Temple   | Became a worshipper of Elyvilon the Healer
  1701 | D:4      | Found a sand-covered staircase.
  1708 | Ossuary  | Entered an ossuary
  1785 | Ossuary  | Reached skill level 6 in Unarmed Combat
  1896 | Ossuary  | Reached XP level 6. HP: 49/55 MP: 5/5
  1904 | Ossuary  | Reached skill level 7 in Unarmed Combat
  2009 | D:4      | Identified the +9 spear "Eklun" {freeze, rElec rC+ Will+
                  | Dex+5}
  2066 | D:5      | Entered Level 5 of the Dungeon
  2106 | D:5      | Reached skill level 8 in Unarmed Combat
  2108 | D:5      | Reached XP level 7. HP: 53/62 MP: 6/6
  2140 | D:5      | Reached * piety under Elyvilon
  2404 | D:5      | Noticed Menkaure
  2406 | D:5      | Killed Menkaure
  2434 | D:5      | Reached skill level 9 in Unarmed Combat
  3266 | D:3      | Reached ** piety under Elyvilon
  3526 | D:3      | Noticed Tzialkovskiy's ghost (amateur FoFi)
  3526 | D:3      | Identified the +10 great mace of Strategic Superiority
                  | {antimagic, +Blink rElec Str+3 Dex+4}
  3527 | D:3      | Found a transporter.
  3529 | D:3      | Identified the +11 spear of Wecw {speed, Int+3}
  3601 | D:3      | Found a hide-covered altar of Uskayaw.
  4190 | D:4      | Fell from the grace of Elyvilon
  4190 | D:4      | Became a worshipper of Ru the Awakened
  4655 | D:3      | Found a transporter.
  4755 | D:4      | Noticed Sigmund
  4774 | D:4      | Killed Sigmund
  4775 | D:4      | Reached XP level 8. HP: 70/70 MP: 7/7
  4849 | D:4      | Found a runed translucent door.
  4850 | D:4      | Noticed Crazy Yiuf
  4855 | D:4      | Killed Crazy Yiuf
  4856 | D:4      | Reached skill level 10 in Unarmed Combat
  5324 | D:6      | Noticed Eustachio
  5327 | D:6      | Killed Eustachio
  5357 | D:6      | Found a shadowy altar of Dithmenos.
  5378 | D:6      | Noticed Edmund
  5382 | D:6      | Killed Edmund
  5383 | D:6      | Reached skill level 11 in Unarmed Combat
  5437 | D:6      | Reached skill level 1 in Stealth
  5546 | D:6      | Found a broken altar of Ashenzari.
  5651 | D:6      | Gained mutation: You cannot study or use magical devices.
                  | [Ru sacrifice]
  5651 | D:6      | Reached * piety under Ru
  5651 | D:6      | Reached ** piety under Ru
  5804 | D:7      | Found a shimmering altar of Xom.
  5817 | D:7      | Reached XP level 9. HP: 52/76 MP: 5/8
  5818 | D:7      | Reached skill level 12 in Unarmed Combat
  6275 | D:7      | Noticed a moth of wrath
  6278 | D:7      | Found a bloodstained altar of Trog.
  7745 | D:7      | Found Gixil's Book Boutique.
  7757 | D:7      | Reached skill level 13 in Unarmed Combat
  8023 | D:7      | Found a sparkling altar of Nemelex Xobeh.
  8208 | D:3      | Killed Tzialkovskiy's ghost
  8554 | D:8      | Noticed a cyan ugly thing
  8558 | D:8      | Noticed Joseph
  8654 | D:8      | Found Jeemn's Jewellery Shoppe.
  8695 | D:8      | Killed a cyan ugly thing
  8696 | D:8      | Reached XP level 10. HP: 31/85 MP: 4/9
  8781 | D:8      | Reached skill level 14 in Unarmed Combat
  8864 | D:8      | Found Amoqea Jefod's Jewellery Shoppe.
  8923 | D:8      | Killed Joseph
  9043 | D:8      | Found Xuveleco's Jewellery Shop.
  9143 | D:8      | Noticed a two-headed ogre
  9152 | D:8      | Killed a two-headed ogre
  9153 | D:8      | Reached skill level 15 in Unarmed Combat
  9195 | D:8      | Found a snail-covered altar of Cheibriados.
  9450 | D:8      | Found a basalt altar of Yredelemnul.
  9493 | D:9      | Gained mutation: You cannot train Dodging skill. [Ru
                  | sacrifice]
  9493 | D:9      | Reached *** piety under Ru
  9553 | D:9      | Noticed a two-headed ogre
  9561 | D:9      | Killed a two-headed ogre
  9605 | D:9      | Found an opulent altar of Gozag.
 10068 | D:9      | Reached skill level 16 in Unarmed Combat
 10068 | D:9      | Reached XP level 11. HP: 90/92 MP: 8/10
 10422 | D:9      | Found a burning altar of Makhleb.
 10791 | D:10     | Entered Level 10 of the Dungeon
 10928 | D:10     | Found a radiant altar of Vehumet.
 10953 | D:10     | Noticed a two-headed ogre
 11164 | D:9      | Killed a two-headed ogre
 11370 | D:10     | Got the Guide on Moulding
 11473 | D:10     | Found a staircase to the Lair.
 11662 | D:10     | Reached skill level 17 in Unarmed Combat
 11719 | D:10     | Found a glowing golden altar of the Shining One.
 11791 | D:11     | Got Xusaar's Volume of Feathery Moulding
 11947 | D:11     | Noticed Psyche
 11954 | D:11     | Killed Psyche
 12021 | D:11     | Noticed a green ugly thing
 12023 | D:11     | Noticed a green ugly thing
 12048 | D:11     | Killed a purple ugly thing
 12058 | D:11     | Gained mutation: You cannot study or cast Earth magic. [Ru
                  | sacrifice]
 12058 | D:11     | Gained mutation: You cannot study or cast Transmutations
                  | magic. [Ru sacrifice]
 12058 | D:11     | Gained mutation: You cannot study or cast Necromancy magic.
                  | [Ru sacrifice]
 12058 | D:11     | Reached **** piety under Ru
 12058 | D:11     | Reached ***** piety under Ru
 12063 | D:11     | Killed a brown ugly thing
 12238 | D:11     | Noticed Urug
 12446 | D:11     | Noticed a cyan ugly thing
 12450 | D:11     | Killed a cyan ugly thing
 12467 | D:11     | Reached skill level 18 in Unarmed Combat
 12685 | D:11     | Noticed Sonja
 12717 | D:11     | Killed Sonja
 13115 | D:11     | Found a glowing silver altar of Zin.
 13118 | D:11     | Found Zin's Purification Station.
 13127 | D:11     | Bought a potion of curing for 90 gold pieces
 13280 | D:11     | Noticed Nergalle
 13319 | D:11     | Killed Nergalle
 13320 | D:11     | Reached XP level 12. HP: 101/101 MP: 5/11
 13486 | D:11     | Killed Urug
 13658 | D:12     | Noticed a boulder beetle
 13889 | D:12     | Noticed a two-headed ogre
 13897 | D:12     | Noticed a centaur warrior
 13901 | D:12     | Killed a two-headed ogre
 13902 | D:12     | Reached skill level 19 in Unarmed Combat
 13908 | D:12     | Killed a centaur warrior
 13909 | D:12     | Reached skill level 1 in Armour
 14042 | D:12     | Killed a boulder beetle
 14116 | D:12     | Found a staircase to the Orcish Mines.
 14790 | D:8      | Bought the amulet "Biar" {Reflect Dex+2 SH+5} for 453 gold
                  | pieces
 14922 | Lair:1   | Entered Level 1 of the Lair of Beasts
 15052 | Lair:1   | Gained mutation: You are hated by all. [Ru sacrifice]
 15182 | Lair:1   | Reached skill level 20 in Unarmed Combat
 15420 | Lair:1   | Noticed a seven-headed hydra
 15531 | Lair:1   | Killed a seven-headed hydra
 16023 | Lair:1   | Found a runed translucent door.
 16209 | Lair:1   | Found a runed translucent gate.
 16209 | Lair:1   | Noticed a boulder beetle
 16211 | Lair:1   | Found a runed translucent gate.
 16212 | Lair:1   | Found a runed translucent gate.
 16212 | Lair:1   | Found a runed translucent gate.
 16212 | Lair:1   | Found a runed translucent gate.
 16212 | Lair:1   | Identified the +7 whip "Dostiw" {elec, rPois rC- Str+5
                  | Stlth+}
 16212 | Lair:1   | Noticed a boulder beetle
 16213 | Lair:1   | Found a runed translucent gate.
 16227 | Lair:1   | Killed a boulder beetle
 16229 | Lair:1   | Killed a boulder beetle
 16230 | Lair:1   | Reached XP level 13. HP: 94/101 MP: 3/12
 16489 | Lair:1   | Identified the amulet of Dutiprist {Faith rF- Str+7}
 16733 | Lair:2   | Found a staircase to the Shoals.
 16831 | Lair:2   | Found a hole to the Spider Nest.
 16897 | Lair:2   | Noticed Maggie
 16907 | Lair:2   | Killed Maggie
 17576 | Lair:2   | Reached skill level 21 in Unarmed Combat
 17911 | Lair:3   | Noticed Prince Ribbit
 17915 | Lair:3   | Killed Prince Ribbit
 18047 | Lair:3   | Gained mutation: You sometimes lose the ability to drink
                  | potions when taking damage. [Ru sacrifice]
 18047 | Lair:3   | Reached ****** piety under Ru
 18410 | Lair:3   | Found the +5 robe of Misfortune {Harm *Corrode *Slow EV+5}
 18954 | Lair:4   | Found a large runed translucent door.
 18954 | Lair:4   | Found a large runed translucent door.
 19364 | Lair:4   | Noticed Zaegoraum's ghost (journeyman DsAK)
 19554 | Lair:4   | Identified the +9 falchion "Didwif" {holy, rC+ rCorr Dex+2}
 19841 | Lair:4   | Reached skill level 22 in Unarmed Combat
 20072 | Lair:4   | Killed Zaegoraum's ghost
 20264 | Lair:5   | Found a runed translucent gate.
 20264 | Lair:5   | Found a runed translucent gate.
 20264 | Lair:5   | Found a runed translucent gate.
 20373 | Lair:5   | Reached XP level 14. HP: 60/120 MP: 10/13
 20376 | Lair:5   | Found a dark tunnel.
 20406 | Volcano  | Entered a volcano
 21349 | Lair:5   | Noticed kalagan's ghost (journeyman DECj)
 21478 | Lair:5   | Reached skill level 23 in Unarmed Combat
 21634 | Lair:5   | Found a runed translucent door.
 21642 | Lair:5   | Found a staircase to the Slime Pits.
 21816 | Lair:6   | Entered Level 6 of the Lair of Beasts
 23712 | Lair:6   | Reached skill level 24 in Unarmed Combat
 24155 | Lair:6   | Identified the +10 hand crossbow "Muceim" {vorpal, rElec
                  | rCorr Dex-5}
 25060 | Orc:1    | Entered Level 1 of the Orcish Mines
 25062 | Orc:1    | Found a frozen archway.
 25065 | Orc:1    | Noticed an orc warlord
 25230 | Orc:1    | Mangled by an orc warrior

Illustrated notes

Levels and vault maps discovered:
D:1:      dpeg_arrival_chambers_temple_mockup, layout_basic,
          hellmonk_ecumenical_altar_run_dry
D:2:      layout_rooms, chequers_arboretum
D:3:      layout_loops_ring, lemuel_tele_altar, gammafunk_ghost_smash,
          chequers_mini_garden, kennysheep_generic_room_10
D:4:      layout_loops_cross, general_overflow_altar,
          minmay_temple_entry_antechambers, enter_ossuary_1, minivault_11,
          uniq_crazy_yiuf_cottage, uniq_sigmund
D:5:      layout_loops_ring, uniq_menkaure
D:6:      layout_rooms, mainiacjoe_overflow_boulevard,
          mainiacjoe_overflow_paths, uniq_edmund, uniq_eustachio
D:7:      layout_basic, nemelex_spade_bored_becter, tgw_trog,
          nicolae_overflow_crystal_walls, serial_shops,
          nicolae_shop_hallway_plus
D:8:      cheibrodos_fzero, layout_rooms, slow_altar_1, kennysheep_mini,
          serial_shops, nicolae_lakefront_shop, nicolae_shop_advertising_works
          [nicolae_subvault_shop_adworks], kennysheep_mini_moat, uniq_joseph
D:9:      layout_gridville, nicolae_gozag_seed_capital,
          mainiacjoe_overflow_24_doors, minmay_statues_item,
          grunt_decor_one_mirror, hangedman_decor_opposing
D:10:     layout_loops_ring, kennysheep_little_box, lemuel_doored_altar,
          lair_entry_dummy
D:11:     layout_long_grid, nrook_mini_backslash, small_chamber_with_monster,
          grunt_ministairs_5, zin_purify, uniq_sonja, uniq_nergalle, uniq_urug,
          uniq_psyche
D:12:     layout_gridville, hiddenorc2_lemuel,
          hangedman_abyss_or_decor_jellyfish_corner
Temple:   compressed_dpeg_triangle_lava_temple
Lair:1:   gammafunk_indiana_jones, layout_regular_city,
          grunt_forest_large_clearing_hut
Lair:2:   layout_roguey, minmay_shoals_entry_centaurs,
          nicolae_spider_entry_non_spiders, serial_bayou, serial_bayou_pond_d,
          serial_bayou_pond_c, serial_bayou_pond_e, serial_bayou_pond_d,
          serial_bayou_pond_a, uniq_maggie
Lair:3:   layout_small_grid, uniq_prince_ribbit2
Lair:4:   layout_roguey, ebering_ghost_disaster_area
Lair:5:   layout_loops_ring, slime_altar_2, gammafunk_ghost_icy,
          nicolae_volcano_entry_s_turn
Lair:6:   grunt_lair_end_beastmaster, layout_loops_ring, worms_lemuel
Orc:1:    layout_diamond_mine, portal_ice_cave_entry_pillars_2,
          gammafunk_ghost_fury_of_okawaru

Skill      XL: |  1  2  3  4  5  6  7  8  9 10 11 12 13 14 |
---------------+-------------------------------------------+-----
Unarmed Combat | 4 5 6 8 9 11 13 16 18 20 22 24 | 24.2
Stealth        | 1 2 |  2.0
Throwing       | 4 |  4.3
Dodging        | 0 |  0.0
Fighting       | 2 3 |  3.1
Armour         | 3 |  3.0

Action                   |  1- 3 |  4- 6 |  7- 9 | 10-12 | 13-15 || total
-------------------------+-------+-------+-------+-------+-------++-------
Melee: Unarmed           |    55 |   129 |   248 |   458 |   356 ||  1246
       Punch             |     3 |     5 |    10 |    46 |    62 ||   126
Throw: Boomerang         |    34 |       |    40 |    44 |     4 ||   122
       Stone             |    48 |    11 |     6 |     3 |       ||    68
       Throwing net      |     1 |       |       |     4 |     1 ||     6
       Dart              |       |     3 |     8 |    48 |     7 ||    66
       Large rock        |       |       |       |     5 |    35 ||    40
       Javelin           |       |       |       |       |     2 ||     2
Invok: Sacrifice Artific |       |       |     1 |       |       ||     1
       Sacrifice Nimblen |       |       |       |     1 |       ||     1
       Power Leap        |       |       |       |    19 |    54 ||    73
       Apocalypse        |       |       |       |     5 |     3 ||     8
       Sacrifice Arcana  |       |       |       |     1 |       ||     1
       Sacrifice Love    |       |       |       |     1 |       ||     1
       Sacrifice Drink   |       |       |       |       |     1 ||     1
Evoke: Wand              |       |       |    16 |       |       ||    16
  Use: Scroll            |     1 |     3 |    10 |     6 |     8 ||    28
       Potion            |       |       |       |    10 |     1 ||    11
 Stab: Held in net/web   |     1 |       |       |     3 |       ||     4
       Sleeping          |       |     1 |     1 |     2 |     4 ||     8
       Invisible         |       |       |       |     4 |     3 ||     7
       Paralysed         |       |       |       |     8 |     7 ||    15
       Distracted        |       |       |       |     3 |     5 ||     8
       Petrifying        |       |       |       |       |     2 ||     2
Armor: Robe              |    18 |    23 |    71 |   136 |     1 ||   249
       Troll leather arm |       |       |       |    86 |   148 ||   234
Dodge: Dodged            |    12 |    41 |    74 |   220 |   168 ||   515
Block: Other             |       |       |       |    20 |    57 ||    77
       Reflection        |       |       |       |       |     3 ||     3
